 Dungeon Crawl Stone Soup version 0.30-a0-808-g6e0788376e (webtiles) character file.

Game seed: 17579052920037966533

54 cforsyth the Sneak (level 4, -1/27 HPs)
             Began as a Kobold Brigand on Feb 26, 2023.
             Slain by an orc
             ... wielding a +0 dagger
              (2 damage)
             ... on level 3 of the Dungeon.
             The game lasted 00:01:11 (2201 turns).

cforsyth the Sneak (Kobold Brigand)                 Turns: 2201, Time: 00:01:12

Health: -1/27      AC:  3    Str:  8    XL:     4   Next: 12%
Magic:  4/4        EV: 15    Int: 12    God:
Gold:   169        SH:  0    Dex: 18    Spells: 3/3 levels left

rFire   . . .      SeeInvis .    a - +2 dagger
rCold   . . .      Faith    .    (no shield)
rNeg    . . .      Spirit   .    b - +0 robe
rPois   .          Reflect  .    (no helmet)
rElec   .          Harm     .    c - +0 cloak
rCorr   .          Rampage  .    (no gloves)
Will    .....                    (no boots)
Stlth   ++++                     (no amulet)
HPRegen 0.24/turn                (no ring)
MPRegen 0.09/turn                (no ring)

@: no status effects
A: small, no large weapons, nightstalker 3
a: no special abilities


You were on level 3 of the Dungeon.
You visited 1 branch of the dungeon, and saw 3 of its levels.

You collected 169 gold pieces.

Inventory:

Hand Weapons
 a - a +2 dagger (weapon)
Missiles
 d - 15 poisoned darts (quivered)
 e - 3 curare-tipped darts
Armour
 b - a +0 robe (worn)
 c - a +0 cloak (worn)
Jewellery
 f - a ring of resist corrosion
 h - a +6 ring of strength
Scrolls
 g - 2 scrolls of magic mapping {unknown}
 i - 5 scrolls of identify {unknown}
 k - a scroll of enchant weapon {unknown}
 l - a scroll of vulnerability {unknown}
 m - 2 scrolls of silence {unknown}
Potions
 j - a potion of magic {unknown}
 n - a potion of curing {unknown}
 o - 2 potions of lignification {unknown}


   Skills:
 + Level 2.9 Fighting
 + Level 3.5 Short Blades
 - Level 2.1 Throwing
 + Level 2.3 Dodging
 + Level 5.9 Stealth


You had 3 spell levels left.
You didn't know any spells.
Your spell library was empty.

Dungeon Overview and Level Annotations

Branches:
Dungeon (3/15)

Altars:


Innate Abilities, Weirdness & Mutations

You are small and have problems with some larger weapons.
You are completely attuned to the shadows.


Message History

You hit the orc.
You kill the orc!
You hit the orc.
The orc is heavily wounded.
The orc hits you with a +0 dagger. The orc closely misses you.
You hear some strange, mumbled words.
You are confused.
You are too confused!
You are too confused!
You are too confused!
You are too confused!
You are too confused!
You bump into the rock wall.
The orc barely misses you. The orc misses you.
Unknown command.
You bump into the rock wall.
You hear some strange, mumbled words.
Something tries to affect you, but you resist.
The orc closely misses you. The orc barely misses you.
You bump into the rock wall.
The orc hits you but does no damage. The orc hits you with a +0 hand axe.
Something hits you.
You're too confused to move!
The orc misses you. Something hits you. The orc barely misses you.
You hit the orc but do no damage.
The orc is heavily wounded.
You hear some strange, mumbled words.
A magic dart appears from out of thin air!
The magic dart hits you!
* * * LOW HITPOINT WARNING * * *
The orc hits you with a +0 dagger.
* * * LOW HITPOINT WARNING * * *
The orc hits you with a +0 hand axe.
* * * LOW HITPOINT WARNING * * *
You hit something but do no damage.
You feel less confused.
You hear some strange, mumbled words.
Something tries to affect you, but you resist.
The orc hits you with a +0 hand axe.
* * * LOW HITPOINT WARNING * * *
The orc hits you with a +0 dagger.
You die...

.......#####.###
.......##......#
###.####......#
#..###<.....# ..
##..##......# ..##
..##.........#
.....###.##.##......#
...>oo##.#..#.......#
....#@##.#..........#
#...#{##............#
..o..........#......#
...........#..#######
........#.....#
##.........#..#
......##...


You could see 2 orcs.

Vanquished Creatures
  3 adders (D:2)
  2 orcs (D:3)
  A bat (D:2)
  2 endoplasms (D:1)
  A giant cockroach (D:2)
  3 goblins
  2 hobgoblins (D:1)
  2 jackals (D:2)
  3 kobolds
  2 ball pythons (D:1)
  A frilled lizard (D:1)
  2 rats (D:2)
24 creatures vanquished.

Notes
Turn   | Place    | Note
-------+----------+-------------------------------------------
     0 | D:1      | cforsyth the Kobold Brigand began the quest for the Orb.
     0 | D:1      | Reached XP level 1. HP: 12/12 MP: 1/1
   298 | D:1      | Reached XP level 2. HP: 18/18 MP: 2/2
  1514 | D:2      | Reached XP level 3. HP: 17/22 MP: 3/3
  1986 | D:2      | Reached XP level 4. HP: 27/27 MP: 4/4
  2041 | D:2      | Found a faded altar of an unknown god.
  2201 | D:3      | HP: 1/27 [orc/+0 hand axe (2)]
  2201 | D:3      | Slain by an orc

Illustrated notes

Levels and vault maps discovered:
D:1:      onia_arrival_mini_maze, layout_loops_corners, serial_co_window_serial,
          co_window_paths_a, co_window_paths_a, co_window_paths_a,
          co_window_paths_b, co_window_corner_a, co_window_paths_a,
          co_window_paths_a, co_window_2corner, co_window_corner_b,
          co_window_cross_2, co_window_paths_d, co_window_4corner_b,
          glass_columns_b, glass_columns_a
D:2:      layout_basic, hellmonk_ecumenical_altar_inner_sanctum
D:3:      layout_rooms, mainiacjoe_overflow_boulevard, hangedman_decor_slide_cut

Skill      XL: |  1  2  3 |
---------------+----------+-----
Short Blades   | 3 |  3.5
Dodging        | 2 |  2.3
Fighting       | |  2.9
Throwing       | |  2.1
Stealth        | |  5.9

Action                     |  1- 3 |  4- 6 || total
---------------------------+-------+-------++-------
  Melee: Dagger            |    65 |    18 ||    83
         Punch             |     1 |       ||     1
   Stab: Sleeping          |    12 |       ||    12
 Armour: Robe              |     6 |     3 ||     9
  Dodge: Dodged            |    46 |    26 ||    72

Table legend: (Time is in decaauts)
 A = Elapsed time spent in this place.
 B = Non-inter-level travel time spent in this place.
 C = Inter-level travel time spent in this place.
 D = Time resting spent in this place.
 E = Time spent auto-exploring this place.
 F = Levels seen in this place.
 G = Mean time per level.
                   A        B        C        D        E       F      G
               +--------+--------+--------+--------+--------+-----+--------+
         Total |   2187 |   2139 |     48 |      0 |   1960 |   3 |  729.0 |
       Dungeon |   2187 |   2139 |     48 |      0 |   1960 |   3 |  729.0 |
               +--------+--------+--------+--------+--------+-----+--------+

Top non-repeatable levels by time:
     D:1: 1412 daAuts
     D:2: 706 daAuts
     D:3: 69 daAuts
